 Dungeon Crawl Stone Soup version 0.25.1-2-g60ff931df9 (webtiles) character file.

Game seed: 9765226564337417381

1999 pokeman the Thaumaturge (level 9, -17/48 HPs)
             Began as a Deep Elf Wizard on Oct 3, 2020.
             Demolished by an ogre
             ... wielding a +0 giant club
              (19 damage)
             ... on level 7 of the Dungeon.
             The game lasted 00:20:18 (10743 turns).

pokeman the Thaumaturge (Deep Elf Wizard)          Turns: 10743, Time: 00:20:19

Health: -17/48     AC:  5    Str:  4    XL:     9   Next: 2%
Magic:  15/24      EV: 12    Int: 27    God:
Gold:   421        SH:  5    Dex: 13    Spells: 16/27 levels left

rFire    + . .     SeeInvis .   o - +0 short sword (holy)
rCold    + . .     Gourm    .   (no shield)
rNeg     . . .     Faith    .   k - +0 leather armour
rPois    .         Spirit   .   j - +0 helmet
rElec    .         Reflect  +   g - scarf {repulsion}
rCorr    .         Harm     .   (no gloves)
MR       .....                  w - +0 pair of boots
Stlth    ++........             F - amulet of reflection
HPRegen  0.16/turn              y - ring of protection from fire
MPRegen  0.19/turn              C - ring of protection from cold

@: studying Crossbows, repel missiles
A: no striking features
a: no special abilities


You were on level 7 of the Dungeon.
You were hungry.

You visited 2 branches of the dungeon, and saw 8 of its levels.
You also visited: Sewer.

You collected 421 gold pieces.

Inventory:

Hand Weapons
 o - a +0 short sword of holy wrath (weapon)
 A - the +11 war axe "Jugyol" {protect, rC+ Str+3 Int-5}
   (You took it off an orc on level 5 of the Dungeon)

   It grants its wielder temporary protection when it strikes (+7 to AC).
   It affects your strength (+3).
   It affects your intelligence (-5).
   It protects you from cold.
 K - a +2 war axe of distortion
Missiles
 E - 29 bolts
Armour
 g - a scarf of repulsion (worn)
 j - a +0 helmet (worn)
 k - a +0 leather armour (worn)
 u - the +1 robe of Repulsion {rF++ Dex+4 Slay-2 Stlth+}
   (You took it off an orc on level 4 of the Dungeon)

   It affects your dexterity (+4).
   It affects your accuracy and damage with ranged weapons and melee attacks
   (-2).
   It greatly protects you from fire.
   It makes you more stealthy.
 w - a +0 pair of boots (worn)
 G - the +2 robe of Tayrow {+Fly Str-2 Slay-2 Stlth+}
   (You found it on level 5 of the Dungeon)

   It affects your strength (-2).
   It affects your accuracy and damage with ranged weapons and melee attacks
   (-2).
   It lets you fly.
   It makes you more stealthy.
Jewellery
 y - a ring of protection from fire (left hand)
 C - a ring of protection from cold (right hand)
 F - an amulet of reflection (around neck)
Wands
 I - a wand of iceblast (11)
Scrolls
 a - 2 scrolls of enchant armour {unknown}
 c - 9 scrolls of teleportation {unknown}
 e - a scroll of magic mapping {unknown}
 f - 9 scrolls of identify {unknown}
 m - 3 scrolls of remove curse {unknown}
 p - 2 scrolls of noise {unknown}
 s - a scroll of enchant weapon {unknown}
 t - 2 scrolls of amnesia {unknown}
 z - 2 scrolls of random uselessness {unknown}
Potions
 b - a potion of mutation {unknown}
 h - 2 potions of berserk rage {unknown}
 i - 3 potions of curing {unknown}
 l - 3 potions of lignification {unknown}
 n - 3 potions of cancellation {unknown}
 q - a potion of heal wounds
 r - 4 potions of degeneration {unknown}
 v - 2 potions of invisibility {unknown}
 x - 2 potions of experience {unknown}
 D - 2 potions of magic {unknown}
 H - a potion of brilliance {unknown}
 J - a potion of stabbing {unknown}
 L - a potion of flight {unknown}
 M - a potion of ambrosia {unknown}
Books
 B - a manual of Crossbows
Comestibles
 d - 12 rations


   Skills:
 - Level 2.0 Fighting
 + Level 2.3 Armour
 - Level 3.0 Dodging
 - Level 3.0 Stealth
 * Level 9.7 Spellcasting
 * Level 7.3 Conjurations
 - Level 1.1 Summonings
 - Level 1.1 Translocations
 + Level 4.3 Fire Magic
 - Level 2.1 Air Magic
 - Level 1.1 Poison Magic
 - Level 1.0 Evocations


You had 16 spell levels left.
You knew the following spells:

 Your Spells              Type           Power        Failure   Level  Hunger
a - Magic Dart            Conj           ####         1%          1    None
b - Mephitic Cloud        Conj/Pois/Air  ####....     5%          3    None
c - Call Imp              Summ           ###.....     8%          2    None
d - Blink                 Tloc           N/A          8%          2    None
e - Conjure Flame         Conj/Fire      #####...     1%          3    None

Your spell library contained the following spells:

 Spells                   Type           Power        Failure   Level  Hunger
 Slow                     Hex            ##......     12%         2    None


Dungeon Overview and Level Annotations

Branches:
Dungeon (7/15)             Temple (1/1) D:5           Sewer (visited)

Altars:
Ashenzari
Cheibriados
Dithmenos
Elyvilon
Fedhas
Gozag
Hepliaklqana
Kikubaaqudgha
Makhleb
Nemelex Xobeh
Okawaru
Qazlal
Ru
Sif Muna
Trog
Uskayaw
Wu Jian
Xom
Yredelemnul
Zin
The Shining One


Message History

The ogre is severely wounded.
The ogre hits you with a +0 giant club!
Casting: Magic Dart (safe; 1% risk of failure)
Confirm with . or Enter, or press ? or * to list all spells.
Aiming: Magic Dart (safe; 1% risk of failure)
Press: ? - help, Shift-Dir - straight line, f/p - ogre
Aim: an ogre, wielding a +0 giant club (severely wounded, confused)
The magic dart hits the ogre.
The ogre is almost dead.
The ogre hits you with a +0 giant club!!
* * * LOW HITPOINT WARNING * * *
Casting: Magic Dart (safe; 1% risk of failure)
Confirm with . or Enter, or press ? or * to list all spells.
Aiming: Magic Dart (safe; 1% risk of failure)
Press: ? - help, Shift-Dir - straight line, f/p - ogre
Aim: an ogre, wielding a +0 giant club (almost dead, confused)
The magic dart hits the ogre.
The ogre is almost dead.
The ogre hits you with a +0 giant club!!
You die...

#..........
............
#.#.#....###
#.##....## ###
#..#...... ####
##.###.##.#....
#%.%###.÷.##....###..
#%§O#..#..##.....##..
#÷÷.@####......#..#..
########......##.....
########......###.....
............<.#####...
......................
............###.......
............##........
...........## #.......
...........#####......


You could see an ogre (confused).

Vanquished Creatures
  Sigmund (D:4)
  2 orc warriors
  A crocodile (Sewer)
  3 bullfrogs (D:6)
  2 scorpions
  2 water moccasin skeletons
  2 howler monkeys
  5 wights (D:6)
  2 crimson imps
  A jelly (D:7)
  2 orc priests
  2 gnoll shamans
  3 iguanas
  7 orc wizards
  3 worker ants
  A howler monkey skeleton (D:4)
  15 gnolls
  2 river rats (D:5)
  2 adders
  A shadow imp (D:7)
  An adder skeleton (D:5)
  3 worms
  A dart slug (D:3)
  6 leopard geckos
  36 orcs
  3 ball pythons
  14 bats
  5 giant cockroaches
  10 goblins
  18 hobgoblins
  6 jackals (D:2)
  3 quokkas
  3 frilled lizards
  19 kobolds
  A quokka skeleton (D:4)
  7 rats
195 creatures vanquished.

Vanquished Creatures (collateral kills)
  A worm (D:5)
1 creature vanquished.

Grand Total: 196 creatures vanquished

Notes
Turn   | Place    | Note
-------+----------+-------------------------------------------
     0 | D:1      | pokeman the Deep Elf Wizard began the quest for the Orb.
     0 | D:1      | Reached XP level 1. HP: 10/10 MP: 7/7
   323 | D:1      | Reached XP level 2. HP: 15/15 MP: 7/9
   714 | D:1      | Reached skill level 5 in Spellcasting
  1255 | D:2      | Reached XP level 3. HP: 20/20 MP: 5/11
  1260 | D:2      | Learned a level 3 spell: Mephitic Cloud
  1263 | D:2      | Learned a level 2 spell: Call Imp
  1266 | D:2      | Learned a level 2 spell: Blink
  1270 | D:2      | Learned a level 3 spell: Conjure Flame
  1522 | D:2      | Reached skill level 1 in Armour
  1739 | D:2      | Reached skill level 1 in Fighting
  2366 | D:3      | Reached XP level 4. HP: 25/25 MP: 5/13
  3360 | D:3      | Found a burning altar of Makhleb.
  3562 | D:3      | Reached skill level 1 in Poison Magic
  3827 | D:3      | Reached XP level 5. HP: 29/29 MP: 12/15
  4427 | D:4      | Reached skill level 6 in Spellcasting
  4668 | D:4      | Identified the +1 robe of Repulsion {rF++ Dex+4 Slay-2
                  | Stlth+}
  4670 | D:4      | Reached skill level 1 in Fire Magic
  4855 | D:4      | Reached skill level 1 in Air Magic
  5028 | D:4      | Noticed Sigmund
  5038 | D:4      | Killed Sigmund
  5038 | D:4      | Reached XP level 6. HP: 23/34 MP: 10/17
  5329 | D:4      | Reached skill level 7 in Spellcasting
  5903 | D:5      | Entered Level 5 of the Dungeon
  5959 | D:5      | Reached XP level 7. HP: 38/38 MP: 14/19
  6286 | D:5      | Found a glowing drain.
  6307 | Sewer    | Entered a sewer
  6475 | Sewer    | Reached skill level 5 in Conjurations
  6927 | D:5      | Identified the +11 war axe "Jugyol" {protect, rC+ Str+3
                  | Int-5}
  7063 | D:5      | Found a staircase to the Ecumenical Temple.
  7072 | Temple   | Entered the Ecumenical Temple
  8072 | D:5      | Reached skill level 8 in Spellcasting
  8425 | D:5      | Got a heavy robe
  8479 | D:5      | Identified the +2 robe of Tayrow {+Fly Str-2 Slay-2 Stlth+}
                  | (You found it on level 5 of the Dungeon)
  8498 | D:6      | Reached XP level 8. HP: 44/44 MP: 15/22
  9108 | D:6      | Found a white marble altar of Elyvilon.
  9108 | D:6      | Found a bloodstained altar of Trog.
  9340 | D:6      | Reached skill level 9 in Spellcasting
  9340 | D:6      | Reached skill level 1 in Evocations
 10639 | D:7      | Reached XP level 9. HP: 36/48 MP: 12/24
 10742 | D:7      | HP: 2/48 [ogre/+0 giant club (22)]
 10743 | D:7      | Demolished by an ogre

Illustrated notes

Levels and vault maps discovered:
D:1:      dpeg_arrival_concentric_ovals, layout_basic
D:2:      layout_rooms
D:3:      layout_basic, makhleb_grotto_becter, first_ration, minmay_vboxes
D:4:      layout_loops_ring, roderic_roman_lattice, uniq_sigmund
D:5:      corexii_shantytown, layout_loops_ring, minmay_temple_entry_mini_moons,
          portal_sewer_entry_e, minmay_manual_moon
D:6:      layout_layer_cave, chequers_temple_overflow_statue_of_worship
D:7:      minmay_angry_zag, layout_cave_pools, grunt_ogre_cave
Temple:   eino_narrow_crystal_temple

Skill      XL: |  1  2  3  4  5  6  7  8 |
---------------+-------------------------+-----
Spellcasting   | 5 6 7 8 9 |  9.7
Armour         | 1 2 |  2.3
Conjurations   | 2 3 4 5 7 |  7.3
Fighting       | 1 2 |  2.0
Poison Magic   | 1 |  1.1
Fire Magic     | 1 2 3 4 |  4.3
Air Magic      | 1 2 |  2.1
Stealth        | 3 |  3.0
Dodging        | 3 |  3.0
Evocations     | 1 |  1.0
Summonings     | |  1.1
Translocations | |  1.1

Action                   |  1- 3 |  4- 6 |  7- 9 || total
-------------------------+-------+-------+-------++-------
Melee: Unarmed           |       |     9 |       ||     9
       Short sword       |       |    17 |    21 ||    38
 Cast: Magic Dart        |   126 |   170 |   335 ||   631
       Mephitic Cloud    |       |     4 |    15 ||    19
       Conjure Flame     |       |     1 |     5 ||     6
       Call Imp          |       |       |     3 ||     3
       Blink             |       |       |     1 ||     1
 Stab: Confused          |       |     5 |     2 ||     7
  Eat: Chunk             |     4 |    11 |    14 ||    29
Armor: Robe              |    13 |       |       ||    13
       Leather armour    |       |    10 |    14 ||    24
Dodge: Dodged            |    13 |    30 |    47 ||    90
       Repelled          |       |     2 |     3 ||     5
Block: Other             |       |       |     9 ||     9
